 Dungeon Crawl Stone Soup version 0.30-a0-728-gc68057be0a (webtiles) character file.

Game seed: 13642379665128802855

35 jimonade the Sneak (level 3, 0/18 HPs)
             Began as a Vine Stalker Brigand on Jan 30, 2023.
             Slain by a gnoll
             ... wielding a +2 flail of protection
              (3 damage)
             ... on level 1 of the Dungeon.
             The game lasted 00:01:15 (505 turns).

jimonade the Sneak (Vine Stalker Brigand)            Turns: 505, Time: 00:01:16

Health: 0/18       AC:  4    Str: 13    XL:     3   Next: 33%
Magic:  0/4        EV: 11    Int: 11    God:
Gold:   0          SH:  0    Dex: 17    Spells: 2/2 levels left

rFire   . . .      SeeInvis .    a - +2 dagger
rCold   . . .      Faith    .    (no shield)
rNeg    . . .      Spirit   +    k - +0 leather armour
rPois   .          Reflect  .    h - +0 helmet
rElec   .          Harm     .    i - scarf {repulsion}
rCorr   .          Rampage  .    (no gloves)
Will    .....                    (no boots)
Stlth   +++                      (no amulet)
HPRegen 0.23/turn                (no ring)
MPRegen 0.09/turn                (no ring)

@: repel missiles
A: fangs 2, magic shield, antimagic bite, no potion heal 2
a: no special abilities


You were on level 1 of the Dungeon.
You visited 1 branch of the dungeon, and saw 1 of its levels.

Inventory:

Hand Weapons
 a - a +2 dagger (weapon)
Missiles
 d - 9 poisoned darts (quivered)
 e - 3 curare-tipped darts
Armour
 b - a +0 robe
 c - a +0 cloak
 h - a +0 helmet (worn)
 i - a scarf of repulsion (worn)
 k - a +0 leather armour (worn)
Magical Staves
 p - a staff of air
Scrolls
 g - a scroll of poison {unknown}
 j - a scroll of identify {unknown}
 o - a scroll of teleportation {unknown}
Potions
 f - a potion of flight {unknown}
 l - 2 potions of curing {unknown}
 m - a potion of lignification {unknown}
 n - a potion of attraction {unknown}


   Skills:
 + Level 1.8 Fighting
 * Level 2.3 Short Blades
 + Level 1.7 Throwing
 + Level 0.9 Dodging
 + Level 5.8 Stealth


You had 2 spell levels left.
You didn't know any spells.
Your spell library was empty.

Dungeon Overview and Level Annotations

Branches:
Dungeon (1/15)

Altars:


Innate Abilities, Weirdness & Mutations

You have extremely sharp teeth.
When hurt, damage is shared between your health and your magic reserves.
Your bite disrupts and absorbs the magic of your enemies.
Potions cannot restore your health.


Message History

You bite the giant cockroach, but do no damage.
The giant cockroach is almost dead.
The giant cockroach bites you but does no damage.
You hit the giant cockroach.
You kill the giant cockroach!
The helpless rat fails to defend itself.
You impale the rat!!
You kill the rat!
You see here a +0 club.
You see here a giant cockroach corpse.
The helpless giant cockroach fails to defend itself.
You impale the giant cockroach!!
You kill the giant cockroach!
No target in view!
Found a scroll labelled BAEMIW UKLOO.
A gnoll comes into view.
It is wielding a +2 flail of protection.
Found 10 gold pieces.
A rat comes into view.
You see here a staff of air.
p - a staff of air The gnoll barely misses you.
You hit the gnoll but do no damage. You bite the gnoll, but do no damage.
The gnoll closely misses you.
You hit the gnoll but do no damage. You punch the gnoll, but do no damage.
The gnoll hits you with a +2 flail of protection!
You hit the gnoll but do no damage. The gnoll hits you but does no damage.
You completely miss the gnoll. You bite the gnoll. You drain its power.
You feel invigorated.
The gnoll is moderately wounded.
The gnoll hits you with a +2 flail of protection!
You are too injured to fight recklessly!
You hit the gnoll but do no damage.
The gnoll is moderately wounded.
The gnoll hits you with a +2 flail of protection.
* * * LOW HITPOINT WARNING * * *
The rat bites you but does no damage.
You hit the gnoll but do no damage.
The gnoll is moderately wounded.
The gnoll hits you with a +2 flail of protection.
You die...

############
#..........#
#..†.......####
#..............
#......@r.?....
#.......g......
##########..............
...........†............
....##..†..)........$...
........................
............†.......##..
..............###..## ..
....########...# ##


You could see a gnoll and a rat.

Vanquished Creatures
  A dart slug (D:1)
  4 ball pythons (D:1)
  2 endoplasms (D:1)
  4 giant cockroaches (D:1)
  4 goblins (D:1)
  2 hobgoblins (D:1)
  4 bats (D:1)
  5 kobolds (D:1)
  2 rats (D:1)
28 creatures vanquished.

Notes
Turn   | Place    | Note
-------+----------+-------------------------------------------
     0 | D:1      | jimonade the Vine Stalker Brigand began the quest for the
                  | Orb.
     0 | D:1      | Reached XP level 1. HP: 11/11 MP: 2/2
    10 | D:1      | Reached skill level 5 in Stealth
    75 | D:1      | Reached XP level 2. HP: 12/15 MP: 1/3
   305 | D:1      | Found a faded altar of an unknown god.
   311 | D:1      | Reached XP level 3. HP: 18/18 MP: 4/4
   505 | D:1      | Slain by a gnoll

Illustrated notes

Levels and vault maps discovered:
D:1:      dpeg_arrival_subterranean_lakeside_camping, layout_rooms,
          shapermc_ecumenical_altar_gd, minmay_misc_feat_alley,
          hangedman_feature_mirror

Skill      XL: |  1  2 |
---------------+-------+-----
Stealth        | 5 |  5.8
Short Blades   | 2 |  2.3
Fighting       | |  1.8
Throwing       | |  1.7
Dodging        | |  0.9

Action                     || total
---------------------------++-------
  Melee: Dagger            ||    87
         Bite              ||    28
         Punch             ||     1
   Stab: Sleeping          ||     8
         Distracted        ||     1
 Armour: Robe              ||     9
         Leather armour    ||    18
  Dodge: Dodged            ||    42

Table legend: (Time is in decaauts)
 A = Elapsed time spent in this place.
 B = Non-inter-level travel time spent in this place.
 C = Inter-level travel time spent in this place.
 D = Time resting spent in this place.
 E = Time spent auto-exploring this place.
 F = Levels seen in this place.
 G = Mean time per level.
                   A        B        C        D        E       F      G
               +--------+--------+--------+--------+--------+-----+--------+
         Total |    499 |    499 |      0 |      0 |    272 |   1 |  499.0 |
       Dungeon |    499 |    499 |      0 |      0 |    272 |   1 |  499.0 |
               +--------+--------+--------+--------+--------+-----+--------+

Top non-repeatable levels by time:
     D:1: 499 daAuts
